 Dungeon Crawl Stone Soup version 0.25-a0-583-g696c2ac (webtiles) character file.

Game seed: 3576100169063980301, levelgen mode: deterministic

233 BlueFish the Skirmisher (level 5, 0/48 HPs)
             Began as a Minotaur Fighter on Mar 9, 2020.
             Succumbed to a worker ant's poison
             ... on level 4 of the Dungeon.
             The game lasted 00:04:47 (2321 turns).

BlueFish the Skirmisher (Minotaur Fighter)          Turns: 2321, Time: 00:04:48

Health: 0/48       AC:  8    Str: 20 (21) XL:     5   Next: 74%
Magic:  4/4        EV: 10    Int:  4 (5)  God:
Gold:   207        SH:  0    Dex:  9 (10) Spells: 4/4 levels left

rFire    . . .     SeeInvis .   a - +1 long sword
rCold    . . .     Gourm    .   (no shield)
rNeg     . . .     Faith    .   b - +1 scale mail
rPois    .         Spirit   .   (helmet restricted)
rElec    .         Reflect  .   (no cloak)
rCorr    .         Harm     .   (no gloves)
MR       .....                  (no boots)
Stlth    ..........             (no amulet)
HPRegen  0.16/turn              (no ring)
MPRegen  0.09/turn              (no ring)

@: lethally poisoned (0 -> -6)
A: retaliatory headbutt, horns 2
a: no special abilities


You were on level 4 of the Dungeon.
You were hungry.

You visited 1 branch of the dungeon, and saw 4 of its levels.

You collected 207 gold pieces.

Inventory:

Hand Weapons
 a - a +1 long sword (weapon)
 j - a +2 vampiric dagger
 l - a +3 short sword
Armour
 b - a +1 scale mail (worn)
 c - a +0 kite shield
 m - a cursed +0 kite shield
Scrolls
 e - a scroll of remove curse
 g - a scroll of amnesia
 h - a scroll of enchant armour
Potions
 d - 2 potions of might
 n - a potion of lignification
Comestibles
 f - 4 rations
 o - 4 chunks of flesh


   Skills:
 * Level 5.3 Fighting
 * Level 4.4 Long Blades
 * Level 5.2 Armour
 + Level 1.0 Dodging
 + Level 3.8 Shields


You had 4 spell levels left.
You didn't know any spells.
Your spell library was empty.

Dungeon Overview and Level Annotations

Branches:
Dungeon (4/15)
 Temple: D:4-7

Altars:
Qazlal
Vehumet


Innate Abilities, Weirdness & Mutations

You reflexively headbutt those who attack you in melee.
You have a pair of horns on your head.


Message History

The worker ant bites you.
* * * LOW HITPOINT WARNING * * *
You hit the worker ant but do no damage.
The worker ant is almost dead.
The worker ant bites you.
* * * LOW HITPOINT WARNING * * *
The orc barely misses you. The worker ant bites you.
* * * LOW HITPOINT WARNING * * *
You are lethally poisoned!
The worker ant poisons you!
You closely miss the worker ant.
The worker ant is almost dead.
* * * LOW HITPOINT WARNING * * *
You feel sick.
The worker ant bites you but does no damage.
It was a potion of degeneration.
There was something very wrong with that liquid.
You feel weakened.
You feel dopey.
You feel clumsy.
You die...

#...#..# #..........# .#
#))..###.##.......#
...##)......##.......#
.....))........(..<..#
###.###>.#..##.......#########
#. #.....###..........##..÷##
.. #....÷..#######..........##
###
#....##..#####..........<.#
########.oa@..............#
#######............#
##..........## ##...##...##
##########


You could see a worker ant and an orc.

Vanquished Creatures
  A jelly (D:2)
  4 adders
  4 gnolls (D:3)
  8 oozes (D:2)
  A worm (D:4)
  A dart slug (D:1)
  4 leopard geckos
  6 orcs
  6 bats
  A giant cockroach (D:2)
  6 hobgoblins
  5 jackals (D:3)
  15 kobolds
  2 ball pythons
  2 frilled lizards (D:1)
  10 goblins
  A leopard gecko skeleton (D:3)
  6 rats
83 creatures vanquished.

Vanquished Creatures (others)
  2 fungi (D:2)
  7 toadstools (D:2)
9 creatures vanquished.

Grand Total: 92 creatures vanquished

Notes
Turn   | Place    | Note
-------+----------+-------------------------------------------
     0 | D:1      | BlueFish the Minotaur Fighter began the quest for the Orb.
     0 | D:1      | Reached XP level 1. HP: 19/19 MP: 0/0
    94 | D:1      | Reached XP level 2. HP: 24/27 MP: 1/1
  1101 | D:2      | Reached XP level 3. HP: 34/34 MP: 2/2
  1263 | D:2      | Found a radiant altar of Vehumet.
  1328 | D:2      | Reached XP level 4. HP: 41/41 MP: 3/3
  1338 | D:2      | Reached skill level 5 in Fighting
  1461 | D:2      | Reached XP level 5. HP: 48/48 MP: 4/4
  1639 | D:3      | Reached skill level 5 in Armour
  1874 | D:3      | Found a stormy altar of Qazlal.
  2247 | D:4      | Reached skill level 1 in Dodging
  2294 | D:4      | Noticed an ogre
  2319 | D:4      | HP: 1/48 [worker ant (6)]
  2321 | D:4      | Succumbed to a worker ant's poison

Levels and vault maps discovered:
D:1:      minmay_arrival_nine_rooms, layout_loops_ring, hangedman_decor_push,
          nrook_campfire, grunt_decor_one_mirror
D:2:      cheibrodos_fertilizer, layout_basic, marbit_many_paths
D:3:      layout_loops_ring, grunt_qazlal_sundering
D:4:      layout_rooms, serial_shops, shop

Skill      XL: |  1  2  3  4  5 |
---------------+----------------+-----
Fighting       | 4 5 |  5.3
Armour         | 4 5 |  5.2
Long Blades    | 3 4 |  4.4
Dodging        | 1 |  1.0
Shields        | |  3.8

Action                   |  1- 3 |  4- 6 || total
-------------------------+-------+-------++-------
Melee: Long sword        |    70 |    76 ||   146
       Headbutt          |    10 |    19 ||    29
  Use: Scroll            |     5 |     4 ||     9
       Potion            |       |     2 ||     2
  Eat: Chunk             |     1 |     3 ||     4
Armor: Scale mail        |    48 |    41 ||    89
Dodge: Dodged            |    44 |    49 ||    93
       Rpst.: Long sword |    11 |    20 ||    31

Table legend:
 A = Non-vault XP
 B = Vault XP
 C = Vault XP percentage of total XP
 D = Non-vault monster count
 E = Vault monster count
 F = Vault count percentage of total count
                 A         B        C        D         E       F
            +---------+---------+-------+---------+---------+-------
      Total |     218 |     115 |  34.5 |      67 |      16 |  19.3
            +---------+---------+-------+---------+---------+-------
        D:1 |      39 |       0 |   0.0 |      24 |       0 |   0.0
        D:2 |      44 |     115 |  72.3 |      13 |      16 |  55.2
        D:3 |      98 |       0 |   0.0 |      22 |       0 |   0.0
        D:4 |      37 |       0 |   0.0 |       8 |       0 |   0.0
            +---------+---------+-------+---------+---------+-------
